 Dungeon Crawl Stone Soup version 0.19.4-8-ga85b6b9 (webtiles) character file.

2219 Naow the Thaumaturge (level 9, -13/45 HPs)
             Began as a Deep Elf Fire Elementalist on Feb 11, 2017.
             Was an Initiate of Vehumet.
             Mangled by an orc warrior
             ... wielding a +0 flail
              (17 damage)
             ... on level 6 of the Dungeon.
             The game lasted 00:10:50 (6585 turns).

Naow the Thaumaturge (Deep Elf Fire Elementalist)   Turns: 6585, Time: 00:10:50

Health: -13/45     AC:  3    Str:  5    XL:     9   Next: 13%
Magic:  19/24      EV: 13    Int: 24    God:    Vehumet [......]
Gold:   161        SH:  0    Dex: 17    Spells: 4 memorised, 17 levels left

rFire  . . .     SeeInvis .     B - +1 morningstar (protect)
rCold  . . .     Gourm    .     s - +1 robe of Objectivity {Dex+2}
rNeg   . . .     Faith    .     (no shield)
rPois  .         Spirit   .     (no helmet)
rElec  .         Reflect  .     (no cloak)
rCorr  .         Harm     .     (no gloves)
MR     .....                    (no boots)
Stlth  ++........               (no amulet)
                                q - ring of flight
                                o - ring of wizardry

@: no status effects
A: no striking features
a: Renounce Religion, Evoke Flight


You were on level 6 of the Dungeon.
You worshipped Vehumet.
Vehumet was noncommittal.
You were very hungry.

You visited 2 branches of the dungeon, and saw 7 of its levels.

You collected 227 gold pieces.
You spent 66 gold pieces at shops.

Inventory:

Hand Weapons
 p - a +2 whip of freezing
 B - a +1 morningstar of protection (weapon)
Armour
 a - a +0 robe
 s - the +1 robe of Objectivity (worn) {Dex+2}
   (You found it on level 4 of the Dungeon)

   It affects your dexterity (+2).
Jewellery
 o - a ring of wizardry (left hand)
 q - a ring of flight (right hand)
 z - an uncursed ring of protection from fire {unknown}
Wands
 f - a wand of teleportation (5/9)
 v - a wand of random effects (26/48)
 w - a wand of lightning (3/15)
 x - a wand of digging (6/24)
Scrolls
 d - 9 scrolls of identify {unknown}
 e - a scroll of enchant weapon {unknown}
 i - a scroll of noise {unknown}
 j - 2 scrolls of amnesia {unknown}
 l - 8 scrolls of remove curse {unknown}
 m - 2 scrolls of teleportation {unknown}
 n - a scroll of enchant armour {unknown}
 t - a scroll of immolation {unknown}
 u - a scroll of magic mapping {unknown}
 y - a scroll of fear {unknown}
 A - a scroll of random uselessness {unknown}
 E - a scroll of acquirement {unknown}
 F - a scroll of recharging {unknown}
Potions
 h - a potion of lignification
 k - a potion of curing
 D - a potion of cancellation {unknown}
Books
 b - a book of Flames

   Spells                             Type                      Level
   a - Flame Tongue                   Conjuration/Fire             1
   b - Throw Flame                    Conjuration/Fire             2
   c - Conjure Flame                  Conjuration/Fire             3
   d - Inner Flame                    Hexes/Fire                   3
   e - Sticky Flame                   Conjuration/Fire             4
   f - Fireball                       Conjuration/Fire             5
Comestibles
 c - 5 bread rations
 g - 2 beef jerkies
 r - a slice of pizza


   Skills:
 - Level 2.4 Dodging
 - Level 2.4 Stealth
 + Level 9.6 Spellcasting
 + Level 7.6 Conjurations
 + Level 8.4 Fire Magic


You had 17 spell levels left.
You knew the following spells:

 Your Spells              Type           Power        Failure   Level  Hunger
a - Flame Tongue          Conj/Fire      #####        1%          1    None
b - Throw Flame           Conj/Fire      ######       1%          2    None
c - Conjure Flame         Conj/Fire      ######..     1%          3    None
d - Sticky Flame          Conj/Fire      ######..     1%          4    #......


Dungeon Overview and Level Annotations

Branches:
Dungeon (6/15)             Temple (1/1) D:6

Altars:
Cheibriados
Dithmenos
Fedhas
Gozag
Hepliaklqana
Nemelex Xobeh
Okawaru
Ru
Trog
Uskayaw
Vehumet
Xom
Zin

Shops:
D:4 =   D:5 *[


Message History

The flame tongue hits the orc warrior.
The orc warrior is moderately wounded.
The orc warrior hits you with a flail!!
Casting: Flame Tongue
Confirm with . or Enter, or press ? or * to list all spells.
Aiming: Flame Tongue
Press: ? - help, Shift-Dir - straight line, f/p - orc warrior
Aim: an orc warrior, wielding a flail and wearing a chain mail (moderately wounded)
The flame tongue hits the orc warrior.
The orc warrior is moderately wounded.
The orc warrior hits you with a flail!
* * * LOW HITPOINT WARNING * * *
Casting: Flame Tongue
Confirm with . or Enter, or press ? or * to list all spells.
Aiming: Flame Tongue
Press: ? - help, Shift-Dir - straight line, f/p - orc warrior
Aim: an orc warrior, wielding a flail and wearing a chain mail (moderately wounded)
The flame tongue misses the orc warrior.
The orc warrior hits you with a flail!
You die...

#.#>. ........#.# #
#.#.##########....
#.###......)......#.#.
...........####......
...........# ##..#.#
########......# #.....
..............# ##...#
......o.#..<..# #####
......#@#.....# #....
#o#.....# #.<.
.o####.## ... .... ...
#. ...#. .... . ....
.. . ... ##### .. ..
...o.. ....


You could see an orc warrior and 2 orcs.

Vanquished Creatures
  Pikel (D:4)
  The ghost of endorz the Grappler, a novice TrMo (D:5)
  Prince Ribbit (D:5)
  Eustachio (D:5)
  An orc warrior (D:5)
  A centaur (D:5)
  An ogre (D:6)
  Blork the orc (D:6)
  2 bullfrogs (D:6)
  A howler monkey (D:6)
  A crimson imp (D:6)
  A gnoll shaman (D:5)
  An orc priest (D:6)
  A bullfrog skeleton (D:5)
  A centaur skeleton (D:5)
  A hound (D:3)
  2 iguanas
  2 orc wizards
  4 worker ants (D:5)
  6 gnolls
  7 adders
  2 worms (D:2)
  4 leopard geckos
  16 orcs
  A ball python (D:1)
  7 giant cockroaches
  10 goblins
  5 hobgoblins
  5 jackals
  8 kobolds
  A quokka (D:5)
  4 bats
  4 frilled lizards
  A leopard gecko zombie (D:6)
  A quokka zombie (D:5)
  8 rats
115 creatures vanquished.

Vanquished Creatures (others)
  A worker ant (D:4)
  An adder (D:4)
  A worm (D:4)
  A leopard gecko (D:4)
  2 jackals (D:4)
6 creatures vanquished.

Grand Total: 121 creatures vanquished

Notes
Turn   | Place    | Note
-------+----------+-------------------------------------------
     0 | D:1      | Naow the Deep Elf Fire Elementalist began the quest for the Orb.
     0 | D:1      | Reached XP level 1. HP: 10/10 MP: 6/6
   290 | D:1      | Reached XP level 2. HP: 15/15 MP: 5/8
  1132 | D:1      | Reached XP level 3. HP: 19/19 MP: 8/10
  1305 | D:2      | Reached skill level 4 in Spellcasting
  1549 | D:2      | Reached XP level 4. HP: 24/24 MP: 10/12
  1579 | D:2      | Learned a level 2 spell: Throw Flame
  1583 | D:2      | Learned a level 3 spell: Conjure Flame
  1768 | D:2      | Learned a level 4 spell: Sticky Flame
  2394 | D:2      | Reached XP level 5. HP: 15/28 MP: 7/14
  2619 | D:3      | You fall through a shaft!
  2619 | D:4      | Noticed Pikel
  2619 | D:4      | Noticed a slave
  2619 | D:4      | Noticed a slave
  2619 | D:4      | Noticed a slave
  2619 | D:4      | Noticed a slave
  2634 | D:4      | Killed Pikel
  2634 | D:4      | Reached skill level 6 in Spellcasting
  2634 | D:4      | Reached skill level 5 in Fire Magic
  2634 | D:4      | Reached XP level 6. HP: 32/32 MP: 0/17
  2634 | D:4      | Reached XP level 7. HP: 36/36 MP: 0/18
  2821 | D:4      | Found Paptunk's Jewellery Boutique.
  2871 | D:4      | Got a smoking robe
  2882 | D:4      | Identified the +1 robe of Objectivity {Dex+2} (You found it on level 4 of the Dungeon)
  3387 | D:5      | Entered Level 5 of the Dungeon
  3394 | D:5      | Reached skill level 5 in Conjurations
  3431 | D:5      | Found Baakhlesu's Armour Shop.
  3505 | D:5      | Reached skill level 7 in Spellcasting
  4170 | D:5      | Found Askoydgh's Assorted Antiques.
  4174 | D:5      | Bought a scroll labeled LUCINU KIHA for 22 gold pieces
  4174 | D:5      | Bought a scroll labeled WUTUISHR FURCHI for 22 gold pieces
  4174 | D:5      | Bought a scroll labeled XEOKKANOYD for 22 gold pieces
  4309 | D:5      | Noticed Prince Ribbit
  4318 | D:5      | Killed Prince Ribbit
  4318 | D:5      | Reached XP level 8. HP: 10/41 MP: 13/21
  4599 | D:5      | Noticed endorz's ghost (novice TrMo)
  4624 | D:5      | Killed endorz's ghost
  4624 | D:5      | Reached skill level 8 in Spellcasting
  4802 | D:5      | Noticed Eustachio
  4810 | D:5      | Killed Eustachio
  4992 | D:5      | Reached skill level 9 in Spellcasting
  6113 | D:6      | Found a staircase to the Ecumenical Temple.
  6212 | Temple   | Entered the Ecumenical Temple
  6345 | Temple   | Became a worshipper of Vehumet
  6444 | D:6      | Noticed Blork the orc
  6445 | D:6      | Reached XP level 9. HP: 40/45 MP: 15/24
  6461 | D:6      | Killed Blork the orc
  6585 | D:6      | Mangled by an orc warrior

Skill      XL: |  1  2  3  4  5  6  7  8 |
---------------+-------------------------+-----
Conjurations   | 2 3 4 6 7 |  7.6
Fire Magic     | 4 5 6 8 |  8.4
Spellcasting   | 4 6 7 9 |  9.6
Dodging        | |  2.4
Stealth        | |  2.4

Action                   |  1- 3 |  4- 6 |  7- 9 || total
-------------------------+-------+-------+-------++-------
Melee: Unarmed           |     5 |     1 |       ||     6
       Whip              |       |       |    22 ||    22
       Morningstar       |       |       |    18 ||    18
 Cast: Flame Tongue      |    52 |    56 |   130 ||   238
       Throw Flame       |       |     3 |    22 ||    25
       Conjure Flame     |       |     1 |     7 ||     8
       Sticky Flame      |       |       |     6 ||     6
  Use: Potion            |       |       |     3 ||     3
  Eat: Chunk             |     2 |     3 |    11 ||    16
Armor: Robe              |     7 |     2 |     8 ||    17
       Skin              |       |       |    22 ||    22
Dodge: Dodged            |     8 |    12 |    39 ||    59
